Workbook

Sheet Resumo
A1: Previsão de capital de giro para salão
A2: Indicadores calculados a partir dos parâmetros, recebimentos e pagamentos registrados.
A3: Indicador | B3: Valor calculado | D3: Fluxo diário
A4: Data inicial | B4: ='Parâmetros'!B6 | D4: Data | E4: Recebimentos | F4: Pagamentos | G4: Saldo projetado
A5: Data final | B5: ='Parâmetros'!B7 | D5: =IF(ROW()-4<='Parâmetros'!$B$8,'Parâmetros'!$B$6+ROW()-5,"") | E5: =IF(D5="","",SUMIFS(Recebimentos!$K$5:$K$104,Recebimentos!$J$5:$J$104,D5)) | F5: =IF(D5="","",SUMIFS(Pagamentos!$K$5:$K$104,Pagamentos!$J$5:$J$104,D5)) | G5: =IF(D5="","",'Parâmetros'!$B$5+SUM($E$5:E5)-SUM($F$5:F5))
A6: Saldo inicial informado | B6: ='Parâmetros'!B5 | D6: =IF(ROW()-4<='Parâmetros'!$B$8,'Parâmetros'!$B$6+ROW()-5,"") | E6: =IF(D6="","",SUMIFS(Recebimentos!$K$5:$K$104,Recebimentos!$J$5:$J$104,D6)) | F6: =IF(D6="","",SUMIFS(Pagamentos!$K$5:$K$104,Pagamentos!$J$5:$J$104,D6)) | G6: =IF(D6="","",'Parâmetros'!$B$5+SUM($E$5:E6)-SUM($F$5:F6))
A7: Recebimentos considerados | B7: =IF(OR('Parâmetros'!$B$6="",'Parâmetros'!$B$7=""),"",SUMIFS(Recebimentos!$K$5:$K$104,Recebimentos!$J$5:$J$104,">="&'Parâmetros'!$B$6,Recebimentos!$J$5:$J$104,"<="&'Parâmetros'!$B$7)) | D7: =IF(ROW()-4<='Parâmetros'!$B$8,'Parâmetros'!$B$6+ROW()-5,"") | E7: =IF(D7="","",SUMIFS(Recebimentos!$K$5:$K$104,Recebimentos!$J$5:$J$104,D7)) | F7: =IF(D7="","",SUMIFS(Pagamentos!$K$5:$K$104,Pagamentos!$J$5:$J$104,D7)) | G7: =IF(D7="","",'Parâmetros'!$B$5+SUM($E$5:E7)-SUM($F$5:F7))
A8: Pagamentos considerados | B8: =IF(OR('Parâmetros'!$B$6="",'Parâmetros'!$B$7=""),"",SUMIFS(Pagamentos!$K$5:$K$104,Pagamentos!$J$5:$J$104,">="&'Parâmetros'!$B$6,Pagamentos!$J$5:$J$104,"<="&'Parâmetros'!$B$7)) | D8: =IF(ROW()-4<='Parâmetros'!$B$8,'Parâmetros'!$B$6+ROW()-5,"") | E8: =IF(D8="","",SUMIFS(Recebimentos!$K$5:$K$104,Recebimentos!$J$5:$J$104,D8)) | F8: =IF(D8="","",SUMIFS(Pagamentos!$K$5:$K$104,Pagamentos!$J$5:$J$104,D8)) | G8: =IF(D8="","",'Parâmetros'!$B$5+SUM($E$5:E8)-SUM($F$5:F8))
A9: Saldo final projetado | B9: =IF('Parâmetros'!$B$8="","",IFERROR(INDEX($G$5:$G$124,'Parâmetros'!$B$8),"")) | D9: =IF(ROW()-4<='Parâmetros'!$B$8,'Parâmetros'!$B$6+ROW()-5,"") | E9: =IF(D9="","",SUMIFS(Recebimentos!$K$5:$K$104,Recebimentos!$J$5:$J$104,D9)) | F9: =IF(D9="","",SUMIFS(Pagamentos!$K$5:$K$104,Pagamentos!$J$5:$J$104,D9)) | G9: =IF(D9="","",'Parâmetros'!$B$5+SUM($E$5:E9)-SUM($F$5:F9))
A10: Menor saldo projetado | B10: =IF('Parâmetros'!$B$8="","",IFERROR(MIN('Parâmetros'!$B$5,MIN($G$5:INDEX($G$5:$G$124,MAX(1,'Parâmetros'!$B$8)))),"")) | D10: =IF(ROW()-4<='Parâmetros'!$B$8,'Parâmetros'!$B$6+ROW()-5,"") | E10: =IF(D10="","",SUMIFS(Recebimentos!$K$5:$K$104,Recebimentos!$J$5:$J$104,D10)) | F10: =IF(D10="","",SUMIFS(Pagamentos!$K$5:$K$104,Pagamentos!$J$5:$J$104,D10)) | G10: =IF(D10="","",'Parâmetros'!$B$5+SUM($E$5:E10)-SUM($F$5:F10))
A11: Data do menor saldo | B11: =IF(B10="","",IF(B10='Parâmetros'!$B$5,'Parâmetros'!$B$6,IFERROR(INDEX($D$5:$D$124,MATCH(B10,$G$5:INDEX($G$5:$G$124,MAX(1,'Parâmetros'!$B$8)),0)),""))) | D11: =IF(ROW()-4<='Parâmetros'!$B$8,'Parâmetros'!$B$6+ROW()-5,"") | E11: =IF(D11="","",SUMIFS(Recebimentos!$K$5:$K$104,Recebimentos!$J$5:$J$104,D11)) | F11: =IF(D11="","",SUMIFS(Pagamentos!$K$5:$K$104,Pagamentos!$J$5:$J$104,D11)) | G11: =IF(D11="","",'Parâmetros'!$B$5+SUM($E$5:E11)-SUM($F$5:F11))
A12: Reserva mínima informada | B12: ='Parâmetros'!B9 | D12: =IF(ROW()-4<='Parâmetros'!$B$8,'Parâmetros'!$B$6+ROW()-5,"") | E12: =IF(D12="","",SUMIFS(Recebimentos!$K$5:$K$104,Recebimentos!$J$5:$J$104,D12)) | F12: =IF(D12="","",SUMIFS(Pagamentos!$K$5:$K$104,Pagamentos!$J$5:$J$104,D12)) | G12: =IF(D12="","",'Parâmetros'!$B$5+SUM($E$5:E12)-SUM($F$5:F12))
A13: Capital de giro adicional estimado | B13: =IF(B10="","",MAX(0,B12-B10)) | D13: =IF(ROW()-4<='Parâmetros'!$B$8,'Parâmetros'!$B$6+ROW()-5,"") | E13: =IF(D13="","",SUMIFS(Recebimentos!$K$5:$K$104,Recebimentos!$J$5:$J$104,D13)) | F13: =IF(D13="","",SUMIFS(Pagamentos!$K$5:$K$104,Pagamentos!$J$5:$J$104,D13)) | G13: =IF(D13="","",'Parâmetros'!$B$5+SUM($E$5:E13)-SUM($F$5:F13))
A14: Lançamentos para conferir | B14: =COUNTIF(Recebimentos!$L$5:$L$104,"Conferir*")+COUNTIF(Pagamentos!$L$5:$L$104,"Conferir*") | D14: =IF(ROW()-4<='Parâmetros'!$B$8,'Parâmetros'!$B$6+ROW()-5,"") | E14: =IF(D14="","",SUMIFS(Recebimentos!$K$5:$K$104,Recebimentos!$J$5:$J$104,D14)) | F14: =IF(D14="","",SUMIFS(Pagamentos!$K$5:$K$104,Pagamentos!$J$5:$J$104,D14)) | G14: =IF(D14="","",'Parâmetros'!$B$5+SUM($E$5:E14)-SUM($F$5:F14))
A15: Situação do horizonte | B15: =IF(B13="","",IF(B13>0,"Conferir aporte ou prazos",IF(B14>0,"Conferir lançamentos sinalizados","Cobertura estimada suficiente"))) | D15: =IF(ROW()-4<='Parâmetros'!$B$8,'Parâmetros'!$B$6+ROW()-5,"") | E15: =IF(D15="","",SUMIFS(Recebimentos!$K$5:$K$104,Recebimentos!$J$5:$J$104,D15)) | F15: =IF(D15="","",SUMIFS(Pagamentos!$K$5:$K$104,Pagamentos!$J$5:$J$104,D15)) | G15: =IF(D15="","",'Parâmetros'!$B$5+SUM($E$5:E15)-SUM($F$5:F15))
D16: =IF(ROW()-4<='Parâmetros'!$B$8,'Parâmetros'!$B$6+ROW()-5,"") | E16: =IF(D16="","",SUMIFS(Recebimentos!$K$5:$K$104,Recebimentos!$J$5:$J$104,D16)) | F16: =IF(D16="","",SUMIFS(Pagamentos!$K$5:$K$104,Pagamentos!$J$5:$J$104,D16)) | G16: =IF(D16="","",'Parâmetros'!$B$5+SUM($E$5:E16)-SUM($F$5:F16))
D17: =IF(ROW()-4<='Parâmetros'!$B$8,'Parâmetros'!$B$6+ROW()-5,"") | E17: =IF(D17="","",SUMIFS(Recebimentos!$K$5:$K$104,Recebimentos!$J$5:$J$104,D17)) | F17: =IF(D17="","",SUMIFS(Pagamentos!$K$5:$K$104,Pagamentos!$J$5:$J$104,D17)) | G17: =IF(D17="","",'Parâmetros'!$B$5+SUM($E$5:E17)-SUM($F$5:F17))
D18: =IF(ROW()-4<='Parâmetros'!$B$8,'Parâmetros'!$B$6+ROW()-5,"") | E18: =IF(D18="","",SUMIFS(Recebimentos!$K$5:$K$104,Recebimentos!$J$5:$J$104,D18)) | F18: =IF(D18="","",SUMIFS(Pagamentos!$K$5:$K$104,Pagamentos!$J$5:$J$104,D18)) | G18: =IF(D18="","",'Parâmetros'!$B$5+SUM($E$5:E18)-SUM($F$5:F18))
D19: =IF(ROW()-4<='Parâmetros'!$B$8,'Parâmetros'!$B$6+ROW()-5,"") | E19: =IF(D19="","",SUMIFS(Recebimentos!$K$5:$K$104,Recebimentos!$J$5:$J$104,D19)) | F19: =IF(D19="","",SUMIFS(Pagamentos!$K$5:$K$104,Pagamentos!$J$5:$J$104,D19)) | G19: =IF(D19="","",'Parâmetros'!$B$5+SUM($E$5:E19)-SUM($F$5:F19))
D20: =IF(ROW()-4<='Parâmetros'!$B$8,'Parâmetros'!$B$6+ROW()-5,"") | E20: =IF(D20="","",SUMIFS(Recebimentos!$K$5:$K$104,Recebimentos!$J$5:$J$104,D20)) | F20: =IF(D20="","",SUMIFS(Pagamentos!$K$5:$K$104,Pagamentos!$J$5:$J$104,D20)) | G20: =IF(D20="","",'Parâmetros'!$B$5+SUM($E$5:E20)-SUM($F$5:F20))
D21: =IF(ROW()-4<='Parâmetros'!$B$8,'Parâmetros'!$B$6+ROW()-5,"") | E21: =IF(D21="","",SUMIFS(Recebimentos!$K$5:$K$104,Recebimentos!$J$5:$J$104,D21)) | F21: =IF(D21="","",SUMIFS(Pagamentos!$K$5:$K$104,Pagamentos!$J$5:$J$104,D21)) | G21: =IF(D21="","",'Parâmetros'!$B$5+SUM($E$5:E21)-SUM($F$5:F21))
D22: =IF(ROW()-4<='Parâmetros'!$B$8,'Parâmetros'!$B$6+ROW()-5,"") | E22: =IF(D22="","",SUMIFS(Recebimentos!$K$5:$K$104,Recebimentos!$J$5:$J$104,D22)) | F22: =IF(D22="","",SUMIFS(Pagamentos!$K$5:$K$104,Pagamentos!$J$5:$J$104,D22)) | G22: =IF(D22="","",'Parâmetros'!$B$5+SUM($E$5:E22)-SUM($F$5:F22))
D23: =IF(ROW()-4<='Parâmetros'!$B$8,'Parâmetros'!$B$6+ROW()-5,"") | E23: =IF(D23="","",SUMIFS(Recebimentos!$K$5:$K$104,Recebimentos!$J$5:$J$104,D23)) | F23: =IF(D23="","",SUMIFS(Pagamentos!$K$5:$K$104,Pagamentos!$J$5:$J$104,D23)) | G23: =IF(D23="","",'Parâmetros'!$B$5+SUM($E$5:E23)-SUM($F$5:F23))
D24: =IF(ROW()-4<='Parâmetros'!$B$8,'Parâmetros'!$B$6+ROW()-5,"") | E24: =IF(D24="","",SUMIFS(Recebimentos!$K$5:$K$104,Recebimentos!$J$5:$J$104,D24)) | F24: =IF(D24="","",SUMIFS(Pagamentos!$K$5:$K$104,Pagamentos!$J$5:$J$104,D24)) | G24: =IF(D24="","",'Parâmetros'!$B$5+SUM($E$5:E24)-SUM($F$5:F24))
D25: =IF(ROW()-4<='Parâmetros'!$B$8,'Parâmetros'!$B$6+ROW()-5,"") | E25: =IF(D25="","",SUMIFS(Recebimentos!$K$5:$K$104,Recebimentos!$J$5:$J$104,D25)) | F25: =IF(D25="","",SUMIFS(Pagamentos!$K$5:$K$104,Pagamentos!$J$5:$J$104,D25)) | G25: =IF(D25="","",'Parâmetros'!$B$5+SUM($E$5:E25)-SUM($F$5:F25))
D26: =IF(ROW()-4<='Parâmetros'!$B$8,'Parâmetros'!$B$6+ROW()-5,"") | E26: =IF(D26="","",SUMIFS(Recebimentos!$K$5:$K$104,Recebimentos!$J$5:$J$104,D26)) | F26: =IF(D26="","",SUMIFS(Pagamentos!$K$5:$K$104,Pagamentos!$J$5:$J$104,D26)) | G26: =IF(D26="","",'Parâmetros'!$B$5+SUM($E$5:E26)-SUM($F$5:F26))
D27: =IF(ROW()-4<='Parâmetros'!$B$8,'Parâmetros'!$B$6+ROW()-5,"") | E27: =IF(D27="","",SUMIFS(Recebimentos!$K$5:$K$104,Recebimentos!$J$5:$J$104,D27)) | F27: =IF(D27="","",SUMIFS(Pagamentos!$K$5:$K$104,Pagamentos!$J$5:$J$104,D27)) | G27: =IF(D27="","",'Parâmetros'!$B$5+SUM($E$5:E27)-SUM($F$5:F27))
... D124: =IF(ROW()-4<='Parâmetros'!$B$8,'Parâmetros'!$B$6+ROW()-5,"") | E124: =IF(D124="","",SUMIFS(Recebimentos!$K$5:$K$104,Recebimentos!$J$5:$J$104,D124)) | F124: =IF(D124="","",SUMIFS(Pagamentos!$K$5:$K$104,Pagamentos!$J$5:$J$104,D124)) | G124: =IF(D124="","",'Parâmetros'!$B$5+SUM($E$5:E124)-SUM($F$5:F124))

Sheet Recebimentos
A1: Recebimentos previstos | AA1: ='Parâmetros'!D5 | AB1: ='Parâmetros'!B10
A2: Registre entradas de caixa fictícias. Valores cancelados ou sem status não entram na previsão. | AA2: ='Parâmetros'!D6 | AB2: ='Parâmetros'!B11
AA3: ='Parâmetros'!D7 | AB3: ='Parâmetros'!B12
A4: Identificador | B4: Data prevista | C4: Descrição | D4: Quantidade | E4: Valor unitário | F4: Valor previsto | G4: Status | H4: Data efetiva | I4: Valor efetivo | J4: Data considerada | K4: Valor considerado | L4: Conferência | AA4: ="" | AB4: ='Parâmetros'!B13
A5: REC-001 | B5: 46274 | C5: Pacote de cortes do dia | D5: 8 | E5: 60 | F5: =IF(OR(A5="",D5="",E5=""),"",IFERROR(D5*E5,"")) | G5: Recebido | H5: 46274 | I5: 470 | J5: =IF(A5="","",IF(OR(G5="",G5='Parâmetros'!$D$7),"",IF(G5='Parâmetros'!$D$6,IF(H5<>"",H5,B5),B5))) | K5: =IF(A5="","",IF(OR(G5="",G5='Parâmetros'!$D$7),"",IF(G5='Parâmetros'!$D$6,IF(I5<>"",I5,F5),F5))) | L5: =IF(A5="","",IF(AND(G5='Parâmetros'!$D$6,OR(H5="",I5="")),"Conferir baixa",IF(AND(G5='Parâmetros'!$D$5,B5<TODAY()),"Conferir atraso",""))) | AA5: ="" | AB5: =""
A6: REC-002 | B6: 46276 | C6: Serviços de manicure agendados | D6: 10 | E6: 45 | F6: =IF(OR(A6="",D6="",E6=""),"",IFERROR(D6*E6,"")) | G6: Previsto | J6: =IF(A6="","",IF(OR(G6="",G6='Parâmetros'!$D$7),"",IF(G6='Parâmetros'!$D$6,IF(H6<>"",H6,B6),B6))) | K6: =IF(A6="","",IF(OR(G6="",G6='Parâmetros'!$D$7),"",IF(G6='Parâmetros'!$D$6,IF(I6<>"",I6,F6),F6))) | L6: =IF(A6="","",IF(AND(G6='Parâmetros'!$D$6,OR(H6="",I6="")),"Conferir baixa",IF(AND(G6='Parâmetros'!$D$5,B6<TODAY()),"Conferir atraso",""))) | AA6: ="" | AB6: =""
A7: REC-003 | B7: 46278 | C7: Colorações programadas | D7: 4 | E7: 180 | F7: =IF(OR(A7="",D7="",E7=""),"",IFERROR(D7*E7,"")) | G7: Previsto | J7: =IF(A7="","",IF(OR(G7="",G7='Parâmetros'!$D$7),"",IF(G7='Parâmetros'!$D$6,IF(H7<>"",H7,B7),B7))) | K7: =IF(A7="","",IF(OR(G7="",G7='Parâmetros'!$D$7),"",IF(G7='Parâmetros'!$D$6,IF(I7<>"",I7,F7),F7))) | L7: =IF(A7="","",IF(AND(G7='Parâmetros'!$D$6,OR(H7="",I7="")),"Conferir baixa",IF(AND(G7='Parâmetros'!$D$5,B7<TODAY()),"Conferir atraso",""))) | AA7: ="" | AB7: =""
A8: REC-004 | B8: 46280 | C8: Barbas e acabamentos programados | D8: 12 | E8: 35 | F8: =IF(OR(A8="",D8="",E8=""),"",IFERROR(D8*E8,"")) | G8: Previsto | J8: =IF(A8="","",IF(OR(G8="",G8='Parâmetros'!$D$7),"",IF(G8='Parâmetros'!$D$6,IF(H8<>"",H8,B8),B8))) | K8: =IF(A8="","",IF(OR(G8="",G8='Parâmetros'!$D$7),"",IF(G8='Parâmetros'!$D$6,IF(I8<>"",I8,F8),F8))) | L8: =IF(A8="","",IF(AND(G8='Parâmetros'!$D$6,OR(H8="",I8="")),"Conferir baixa",IF(AND(G8='Parâmetros'!$D$5,B8<TODAY()),"Conferir atraso",""))) | AA8: ="" | AB8: =""
A9: REC-005 | B9: 46282 | C9: Pacotes de escova previstos | D9: 6 | E9: 75 | F9: =IF(OR(A9="",D9="",E9=""),"",IFERROR(D9*E9,"")) | G9: Previsto | J9: =IF(A9="","",IF(OR(G9="",G9='Parâmetros'!$D$7),"",IF(G9='Parâmetros'!$D$6,IF(H9<>"",H9,B9),B9))) | K9: =IF(A9="","",IF(OR(G9="",G9='Parâmetros'!$D$7),"",IF(G9='Parâmetros'!$D$6,IF(I9<>"",I9,F9),F9))) | L9: =IF(A9="","",IF(AND(G9='Parâmetros'!$D$6,OR(H9="",I9="")),"Conferir baixa",IF(AND(G9='Parâmetros'!$D$5,B9<TODAY()),"Conferir atraso",""))) | AA9: ="" | AB9: =""
A10: REC-006 | B10: 46284 | C10: Venda prevista de produtos | D10: 5 | E10: 55 | F10: =IF(OR(A10="",D10="",E10=""),"",IFERROR(D10*E10,"")) | G10: Previsto | J10: =IF(A10="","",IF(OR(G10="",G10='Parâmetros'!$D$7),"",IF(G10='Parâmetros'!$D$6,IF(H10<>"",H10,B10),B10))) | K10: =IF(A10="","",IF(OR(G10="",G10='Parâmetros'!$D$7),"",IF(G10='Parâmetros'!$D$6,IF(I10<>"",I10,F10),F10))) | L10: =IF(A10="","",IF(AND(G10='Parâmetros'!$D$6,OR(H10="",I10="")),"Conferir baixa",IF(AND(G10='Parâmetros'!$D$5,B10<TODAY()),"Conferir atraso",""))) | AA10: ="" | AB10: =""
A11: REC-007 | B11: 46287 | C11: Serviços de pedicure agendados | D11: 8 | E11: 50 | F11: =IF(OR(A11="",D11="",E11=""),"",IFERROR(D11*E11,"")) | G11: Previsto | J11: =IF(A11="","",IF(OR(G11="",G11='Parâmetros'!$D$7),"",IF(G11='Parâmetros'!$D$6,IF(H11<>"",H11,B11),B11))) | K11: =IF(A11="","",IF(OR(G11="",G11='Parâmetros'!$D$7),"",IF(G11='Parâmetros'!$D$6,IF(I11<>"",I11,F11),F11))) | L11: =IF(A11="","",IF(AND(G11='Parâmetros'!$D$6,OR(H11="",I11="")),"Conferir baixa",IF(AND(G11='Parâmetros'!$D$5,B11<TODAY()),"Conferir atraso",""))) | AA11: ="" | AB11: =""
A12: REC-008 | B12: 46291 | C12: Tratamentos capilares não clínicos | D12: 4 | E12: 140 | F12: =IF(OR(A12="",D12="",E12=""),"",IFERROR(D12*E12,"")) | G12: Cancelado | J12: =IF(A12="","",IF(OR(G12="",G12='Parâmetros'!$D$7),"",IF(G12='Parâmetros'!$D$6,IF(H12<>"",H12,B12),B12))) | K12: =IF(A12="","",IF(OR(G12="",G12='Parâmetros'!$D$7),"",IF(G12='Parâmetros'!$D$6,IF(I12<>"",I12,F12),F12))) | L12: =IF(A12="","",IF(AND(G12='Parâmetros'!$D$6,OR(H12="",I12="")),"Conferir baixa",IF(AND(G12='Parâmetros'!$D$5,B12<TODAY()),"Conferir atraso",""))) | AA12: ="" | AB12: =""
A13: REC-009 | B13: 46295 | C13: Dia promocional de cortes | D13: 15 | E13: 52 | F13: =IF(OR(A13="",D13="",E13=""),"",IFERROR(D13*E13,"")) | G13: Previsto | J13: =IF(A13="","",IF(OR(G13="",G13='Parâmetros'!$D$7),"",IF(G13='Parâmetros'!$D$6,IF(H13<>"",H13,B13),B13))) | K13: =IF(A13="","",IF(OR(G13="",G13='Parâmetros'!$D$7),"",IF(G13='Parâmetros'!$D$6,IF(I13<>"",I13,F13),F13))) | L13: =IF(A13="","",IF(AND(G13='Parâmetros'!$D$6,OR(H13="",I13="")),"Conferir baixa",IF(AND(G13='Parâmetros'!$D$5,B13<TODAY()),"Conferir atraso",""))) | AA13: ="" | AB13: =""
A14: REC-010 | B14: 46300 | C14: Serviços combinados previstos | D14: 7 | E14: 95 | F14: =IF(OR(A14="",D14="",E14=""),"",IFERROR(D14*E14,"")) | G14: Previsto | J14: =IF(A14="","",IF(OR(G14="",G14='Parâmetros'!$D$7),"",IF(G14='Parâmetros'!$D$6,IF(H14<>"",H14,B14),B14))) | K14: =IF(A14="","",IF(OR(G14="",G14='Parâmetros'!$D$7),"",IF(G14='Parâmetros'!$D$6,IF(I14<>"",I14,F14),F14))) | L14: =IF(A14="","",IF(AND(G14='Parâmetros'!$D$6,OR(H14="",I14="")),"Conferir baixa",IF(AND(G14='Parâmetros'!$D$5,B14<TODAY()),"Conferir atraso",""))) | AA14: ="" | AB14: =""
F15: =IF(OR(A15="",D15="",E15=""),"",IFERROR(D15*E15,"")) | J15: =IF(A15="","",IF(OR(G15="",G15='Parâmetros'!$D$7),"",IF(G15='Parâmetros'!$D$6,IF(H15<>"",H15,B15),B15))) | K15: =IF(A15="","",IF(OR(G15="",G15='Parâmetros'!$D$7),"",IF(G15='Parâmetros'!$D$6,IF(I15<>"",I15,F15),F15))) | L15: =IF(A15="","",IF(AND(G15='Parâmetros'!$D$6,OR(H15="",I15="")),"Conferir baixa",IF(AND(G15='Parâmetros'!$D$5,B15<TODAY()),"Conferir atraso",""))) | AA15: ="" | AB15: =""
F16: =IF(OR(A16="",D16="",E16=""),"",IFERROR(D16*E16,"")) | J16: =IF(A16="","",IF(OR(G16="",G16='Parâmetros'!$D$7),"",IF(G16='Parâmetros'!$D$6,IF(H16<>"",H16,B16),B16))) | K16: =IF(A16="","",IF(OR(G16="",G16='Parâmetros'!$D$7),"",IF(G16='Parâmetros'!$D$6,IF(I16<>"",I16,F16),F16))) | L16: =IF(A16="","",IF(AND(G16='Parâmetros'!$D$6,OR(H16="",I16="")),"Conferir baixa",IF(AND(G16='Parâmetros'!$D$5,B16<TODAY()),"Conferir atraso",""))) | AA16: ="" | AB16: =""
F17: =IF(OR(A17="",D17="",E17=""),"",IFERROR(D17*E17,"")) | J17: =IF(A17="","",IF(OR(G17="",G17='Parâmetros'!$D$7),"",IF(G17='Parâmetros'!$D$6,IF(H17<>"",H17,B17),B17))) | K17: =IF(A17="","",IF(OR(G17="",G17='Parâmetros'!$D$7),"",IF(G17='Parâmetros'!$D$6,IF(I17<>"",I17,F17),F17))) | L17: =IF(A17="","",IF(AND(G17='Parâmetros'!$D$6,OR(H17="",I17="")),"Conferir baixa",IF(AND(G17='Parâmetros'!$D$5,B17<TODAY()),"Conferir atraso",""))) | AA17: ="" | AB17: =""
F18: =IF(OR(A18="",D18="",E18=""),"",IFERROR(D18*E18,"")) | J18: =IF(A18="","",IF(OR(G18="",G18='Parâmetros'!$D$7),"",IF(G18='Parâmetros'!$D$6,IF(H18<>"",H18,B18),B18))) | K18: =IF(A18="","",IF(OR(G18="",G18='Parâmetros'!$D$7),"",IF(G18='Parâmetros'!$D$6,IF(I18<>"",I18,F18),F18))) | L18: =IF(A18="","",IF(AND(G18='Parâmetros'!$D$6,OR(H18="",I18="")),"Conferir baixa",IF(AND(G18='Parâmetros'!$D$5,B18<TODAY()),"Conferir atraso",""))) | AA18: ="" | AB18: =""
F19: =IF(OR(A19="",D19="",E19=""),"",IFERROR(D19*E19,"")) | J19: =IF(A19="","",IF(OR(G19="",G19='Parâmetros'!$D$7),"",IF(G19='Parâmetros'!$D$6,IF(H19<>"",H19,B19),B19))) | K19: =IF(A19="","",IF(OR(G19="",G19='Parâmetros'!$D$7),"",IF(G19='Parâmetros'!$D$6,IF(I19<>"",I19,F19),F19))) | L19: =IF(A19="","",IF(AND(G19='Parâmetros'!$D$6,OR(H19="",I19="")),"Conferir baixa",IF(AND(G19='Parâmetros'!$D$5,B19<TODAY()),"Conferir atraso",""))) | AA19: ="" | AB19: =""
F20: =IF(OR(A20="",D20="",E20=""),"",IFERROR(D20*E20,"")) | J20: =IF(A20="","",IF(OR(G20="",G20='Parâmetros'!$D$7),"",IF(G20='Parâmetros'!$D$6,IF(H20<>"",H20,B20),B20))) | K20: =IF(A20="","",IF(OR(G20="",G20='Parâmetros'!$D$7),"",IF(G20='Parâmetros'!$D$6,IF(I20<>"",I20,F20),F20))) | L20: =IF(A20="","",IF(AND(G20='Parâmetros'!$D$6,OR(H20="",I20="")),"Conferir baixa",IF(AND(G20='Parâmetros'!$D$5,B20<TODAY()),"Conferir atraso",""))) | AA20: ="" | AB20: =""
F21: =IF(OR(A21="",D21="",E21=""),"",IFERROR(D21*E21,"")) | J21: =IF(A21="","",IF(OR(G21="",G21='Parâmetros'!$D$7),"",IF(G21='Parâmetros'!$D$6,IF(H21<>"",H21,B21),B21))) | K21: =IF(A21="","",IF(OR(G21="",G21='Parâmetros'!$D$7),"",IF(G21='Parâmetros'!$D$6,IF(I21<>"",I21,F21),F21))) | L21: =IF(A21="","",IF(AND(G21='Parâmetros'!$D$6,OR(H21="",I21="")),"Conferir baixa",IF(AND(G21='Parâmetros'!$D$5,B21<TODAY()),"Conferir atraso",""))) | AA21: ="" | AB21: =""
F22: =IF(OR(A22="",D22="",E22=""),"",IFERROR(D22*E22,"")) | J22: =IF(A22="","",IF(OR(G22="",G22='Parâmetros'!$D$7),"",IF(G22='Parâmetros'!$D$6,IF(H22<>"",H22,B22),B22))) | K22: =IF(A22="","",IF(OR(G22="",G22='Parâmetros'!$D$7),"",IF(G22='Parâmetros'!$D$6,IF(I22<>"",I22,F22),F22))) | L22: =IF(A22="","",IF(AND(G22='Parâmetros'!$D$6,OR(H22="",I22="")),"Conferir baixa",IF(AND(G22='Parâmetros'!$D$5,B22<TODAY()),"Conferir atraso",""))) | AA22: ="" | AB22: =""
F23: =IF(OR(A23="",D23="",E23=""),"",IFERROR(D23*E23,"")) | J23: =IF(A23="","",IF(OR(G23="",G23='Parâmetros'!$D$7),"",IF(G23='Parâmetros'!$D$6,IF(H23<>"",H23,B23),B23))) | K23: =IF(A23="","",IF(OR(G23="",G23='Parâmetros'!$D$7),"",IF(G23='Parâmetros'!$D$6,IF(I23<>"",I23,F23),F23))) | L23: =IF(A23="","",IF(AND(G23='Parâmetros'!$D$6,OR(H23="",I23="")),"Conferir baixa",IF(AND(G23='Parâmetros'!$D$5,B23<TODAY()),"Conferir atraso",""))) | AA23: ="" | AB23: =""
F24: =IF(OR(A24="",D24="",E24=""),"",IFERROR(D24*E24,"")) | J24: =IF(A24="","",IF(OR(G24="",G24='Parâmetros'!$D$7),"",IF(G24='Parâmetros'!$D$6,IF(H24<>"",H24,B24),B24))) | K24: =IF(A24="","",IF(OR(G24="",G24='Parâmetros'!$D$7),"",IF(G24='Parâmetros'!$D$6,IF(I24<>"",I24,F24),F24))) | L24: =IF(A24="","",IF(AND(G24='Parâmetros'!$D$6,OR(H24="",I24="")),"Conferir baixa",IF(AND(G24='Parâmetros'!$D$5,B24<TODAY()),"Conferir atraso",""))) | AA24: ="" | AB24: =""
F25: =IF(OR(A25="",D25="",E25=""),"",IFERROR(D25*E25,"")) | J25: =IF(A25="","",IF(OR(G25="",G25='Parâmetros'!$D$7),"",IF(G25='Parâmetros'!$D$6,IF(H25<>"",H25,B25),B25))) | K25: =IF(A25="","",IF(OR(G25="",G25='Parâmetros'!$D$7),"",IF(G25='Parâmetros'!$D$6,IF(I25<>"",I25,F25),F25))) | L25: =IF(A25="","",IF(AND(G25='Parâmetros'!$D$6,OR(H25="",I25="")),"Conferir baixa",IF(AND(G25='Parâmetros'!$D$5,B25<TODAY()),"Conferir atraso",""))) | AA25: ="" | AB25: =""
F26: =IF(OR(A26="",D26="",E26=""),"",IFERROR(D26*E26,"")) | J26: =IF(A26="","",IF(OR(G26="",G26='Parâmetros'!$D$7),"",IF(G26='Parâmetros'!$D$6,IF(H26<>"",H26,B26),B26))) | K26: =IF(A26="","",IF(OR(G26="",G26='Parâmetros'!$D$7),"",IF(G26='Parâmetros'!$D$6,IF(I26<>"",I26,F26),F26))) | L26: =IF(A26="","",IF(AND(G26='Parâmetros'!$D$6,OR(H26="",I26="")),"Conferir baixa",IF(AND(G26='Parâmetros'!$D$5,B26<TODAY()),"Conferir atraso",""))) | AA26: ="" | AB26: =""
... F104: =IF(OR(A104="",D104="",E104=""),"",IFERROR(D104*E104,"")) | J104: =IF(A104="","",IF(OR(G104="",G104='Parâmetros'!$D$7),"",IF(G104='Parâmetros'!$D$6,IF(H104<>"",H104,B104),B104))) | K104: =IF(A104="","",IF(OR(G104="",G104='Parâmetros'!$D$7),"",IF(G104='Parâmetros'!$D$6,IF(I104<>"",I104,F104),F104))) | L104: =IF(A104="","",IF(AND(G104='Parâmetros'!$D$6,OR(H104="",I104="")),"Conferir baixa",IF(AND(G104='Parâmetros'!$D$5,B104<TODAY()),"Conferir atraso",""))) | AA104: ="" | AB104: =""

Sheet Pagamentos
A1: Pagamentos previstos | AA1: ='Parâmetros'!E5 | AB1: ='Parâmetros'!B10
A2: Registre saídas de caixa fictícias. Valores cancelados ou sem status não entram na previsão. | AA2: ='Parâmetros'!E6 | AB2: ='Parâmetros'!B11
AA3: ='Parâmetros'!E7 | AB3: ='Parâmetros'!B12
A4: Identificador | B4: Data prevista | C4: Descrição | D4: Quantidade | E4: Valor unitário | F4: Valor previsto | G4: Status | H4: Data efetiva | I4: Valor efetivo | J4: Data considerada | K4: Valor considerado | L4: Conferência | AA4: ="" | AB4: ='Parâmetros'!B13
A5: PAG-001 | B5: 46274 | C5: Reposição de produtos profissionais | D5: 1 | E5: 1150 | F5: =IF(OR(A5="",D5="",E5=""),"",IFERROR(D5*E5,"")) | G5: Pago | H5: 46274 | I5: 1120 | J5: =IF(A5="","",IF(OR(G5="",G5='Parâmetros'!$E$7),"",IF(G5='Parâmetros'!$E$6,IF(H5<>"",H5,B5),B5))) | K5: =IF(A5="","",IF(OR(G5="",G5='Parâmetros'!$E$7),"",IF(G5='Parâmetros'!$E$6,IF(I5<>"",I5,F5),F5))) | L5: =IF(A5="","",IF(AND(G5='Parâmetros'!$E$6,OR(H5="",I5="")),"Conferir baixa",IF(AND(G5='Parâmetros'!$E$5,B5<TODAY()),"Conferir atraso",""))) | AA5: ="" | AB5: =""
A6: PAG-002 | B6: 46275 | C6: Aluguel do espaço | D6: 1 | E6: 4200 | F6: =IF(OR(A6="",D6="",E6=""),"",IFERROR(D6*E6,"")) | G6: Previsto | J6: =IF(A6="","",IF(OR(G6="",G6='Parâmetros'!$E$7),"",IF(G6='Parâmetros'!$E$6,IF(H6<>"",H6,B6),B6))) | K6: =IF(A6="","",IF(OR(G6="",G6='Parâmetros'!$E$7),"",IF(G6='Parâmetros'!$E$6,IF(I6<>"",I6,F6),F6))) | L6: =IF(A6="","",IF(AND(G6='Parâmetros'!$E$6,OR(H6="",I6="")),"Conferir baixa",IF(AND(G6='Parâmetros'!$E$5,B6<TODAY()),"Conferir atraso",""))) | AA6: ="" | AB6: =""
A7: PAG-003 | B7: 46277 | C7: Conta de energia estimada | D7: 1 | E7: 780 | F7: =IF(OR(A7="",D7="",E7=""),"",IFERROR(D7*E7,"")) | G7: Previsto | J7: =IF(A7="","",IF(OR(G7="",G7='Parâmetros'!$E$7),"",IF(G7='Parâmetros'!$E$6,IF(H7<>"",H7,B7),B7))) | K7: =IF(A7="","",IF(OR(G7="",G7='Parâmetros'!$E$7),"",IF(G7='Parâmetros'!$E$6,IF(I7<>"",I7,F7),F7))) | L7: =IF(A7="","",IF(AND(G7='Parâmetros'!$E$6,OR(H7="",I7="")),"Conferir baixa",IF(AND(G7='Parâmetros'!$E$5,B7<TODAY()),"Conferir atraso",""))) | AA7: ="" | AB7: =""
A8: PAG-004 | B8: 46279 | C8: Materiais descartáveis | D8: 6 | E8: 95 | F8: =IF(OR(A8="",D8="",E8=""),"",IFERROR(D8*E8,"")) | G8: Previsto | J8: =IF(A8="","",IF(OR(G8="",G8='Parâmetros'!$E$7),"",IF(G8='Parâmetros'!$E$6,IF(H8<>"",H8,B8),B8))) | K8: =IF(A8="","",IF(OR(G8="",G8='Parâmetros'!$E$7),"",IF(G8='Parâmetros'!$E$6,IF(I8<>"",I8,F8),F8))) | L8: =IF(A8="","",IF(AND(G8='Parâmetros'!$E$6,OR(H8="",I8="")),"Conferir baixa",IF(AND(G8='Parâmetros'!$E$5,B8<TODAY()),"Conferir atraso",""))) | AA8: ="" | AB8: =""
A9: PAG-005 | B9: 46281 | C9: Serviço de lavanderia | D9: 4 | E9: 120 | F9: =IF(OR(A9="",D9="",E9=""),"",IFERROR(D9*E9,"")) | G9: Previsto | J9: =IF(A9="","",IF(OR(G9="",G9='Parâmetros'!$E$7),"",IF(G9='Parâmetros'!$E$6,IF(H9<>"",H9,B9),B9))) | K9: =IF(A9="","",IF(OR(G9="",G9='Parâmetros'!$E$7),"",IF(G9='Parâmetros'!$E$6,IF(I9<>"",I9,F9),F9))) | L9: =IF(A9="","",IF(AND(G9='Parâmetros'!$E$6,OR(H9="",I9="")),"Conferir baixa",IF(AND(G9='Parâmetros'!$E$5,B9<TODAY()),"Conferir atraso",""))) | AA9: ="" | AB9: =""
A10: PAG-006 | B10: 46283 | C10: Produtos de manicure | D10: 10 | E10: 48 | F10: =IF(OR(A10="",D10="",E10=""),"",IFERROR(D10*E10,"")) | G10: Previsto | J10: =IF(A10="","",IF(OR(G10="",G10='Parâmetros'!$E$7),"",IF(G10='Parâmetros'!$E$6,IF(H10<>"",H10,B10),B10))) | K10: =IF(A10="","",IF(OR(G10="",G10='Parâmetros'!$E$7),"",IF(G10='Parâmetros'!$E$6,IF(I10<>"",I10,F10),F10))) | L10: =IF(A10="","",IF(AND(G10='Parâmetros'!$E$6,OR(H10="",I10="")),"Conferir baixa",IF(AND(G10='Parâmetros'!$E$5,B10<TODAY()),"Conferir atraso",""))) | AA10: ="" | AB10: =""
A11: PAG-007 | B11: 46286 | C11: Manutenção preventiva de equipamentos | D11: 1 | E11: 650 | F11: =IF(OR(A11="",D11="",E11=""),"",IFERROR(D11*E11,"")) | G11: Previsto | J11: =IF(A11="","",IF(OR(G11="",G11='Parâmetros'!$E$7),"",IF(G11='Parâmetros'!$E$6,IF(H11<>"",H11,B11),B11))) | K11: =IF(A11="","",IF(OR(G11="",G11='Parâmetros'!$E$7),"",IF(G11='Parâmetros'!$E$6,IF(I11<>"",I11,F11),F11))) | L11: =IF(A11="","",IF(AND(G11='Parâmetros'!$E$6,OR(H11="",I11="")),"Conferir baixa",IF(AND(G11='Parâmetros'!$E$5,B11<TODAY()),"Conferir atraso",""))) | AA11: ="" | AB11: =""
A12: PAG-008 | B12: 46289 | C12: Água e consumo do espaço | D12: 1 | E12: 320 | F12: =IF(OR(A12="",D12="",E12=""),"",IFERROR(D12*E12,"")) | G12: Previsto | J12: =IF(A12="","",IF(OR(G12="",G12='Parâmetros'!$E$7),"",IF(G12='Parâmetros'!$E$6,IF(H12<>"",H12,B12),B12))) | K12: =IF(A12="","",IF(OR(G12="",G12='Parâmetros'!$E$7),"",IF(G12='Parâmetros'!$E$6,IF(I12<>"",I12,F12),F12))) | L12: =IF(A12="","",IF(AND(G12='Parâmetros'!$E$6,OR(H12="",I12="")),"Conferir baixa",IF(AND(G12='Parâmetros'!$E$5,B12<TODAY()),"Conferir atraso",""))) | AA12: ="" | AB12: =""
A13: PAG-009 | B13: 46294 | C13: Divulgação local planejada | D13: 1 | E13: 500 | F13: =IF(OR(A13="",D13="",E13=""),"",IFERROR(D13*E13,"")) | G13: Cancelado | J13: =IF(A13="","",IF(OR(G13="",G13='Parâmetros'!$E$7),"",IF(G13='Parâmetros'!$E$6,IF(H13<>"",H13,B13),B13))) | K13: =IF(A13="","",IF(OR(G13="",G13='Parâmetros'!$E$7),"",IF(G13='Parâmetros'!$E$6,IF(I13<>"",I13,F13),F13))) | L13: =IF(A13="","",IF(AND(G13='Parâmetros'!$E$6,OR(H13="",I13="")),"Conferir baixa",IF(AND(G13='Parâmetros'!$E$5,B13<TODAY()),"Conferir atraso",""))) | AA13: ="" | AB13: =""
A14: PAG-010 | B14: 46299 | C14: Reposição de toalhas e capas | D14: 12 | E14: 40 | F14: =IF(OR(A14="",D14="",E14=""),"",IFERROR(D14*E14,"")) | G14: Previsto | J14: =IF(A14="","",IF(OR(G14="",G14='Parâmetros'!$E$7),"",IF(G14='Parâmetros'!$E$6,IF(H14<>"",H14,B14),B14))) | K14: =IF(A14="","",IF(OR(G14="",G14='Parâmetros'!$E$7),"",IF(G14='Parâmetros'!$E$6,IF(I14<>"",I14,F14),F14))) | L14: =IF(A14="","",IF(AND(G14='Parâmetros'!$E$6,OR(H14="",I14="")),"Conferir baixa",IF(AND(G14='Parâmetros'!$E$5,B14<TODAY()),"Conferir atraso",""))) | AA14: ="" | AB14: =""
F15: =IF(OR(A15="",D15="",E15=""),"",IFERROR(D15*E15,"")) | J15: =IF(A15="","",IF(OR(G15="",G15='Parâmetros'!$E$7),"",IF(G15='Parâmetros'!$E$6,IF(H15<>"",H15,B15),B15))) | K15: =IF(A15="","",IF(OR(G15="",G15='Parâmetros'!$E$7),"",IF(G15='Parâmetros'!$E$6,IF(I15<>"",I15,F15),F15))) | L15: =IF(A15="","",IF(AND(G15='Parâmetros'!$E$6,OR(H15="",I15="")),"Conferir baixa",IF(AND(G15='Parâmetros'!$E$5,B15<TODAY()),"Conferir atraso",""))) | AA15: ="" | AB15: =""
F16: =IF(OR(A16="",D16="",E16=""),"",IFERROR(D16*E16,"")) | J16: =IF(A16="","",IF(OR(G16="",G16='Parâmetros'!$E$7),"",IF(G16='Parâmetros'!$E$6,IF(H16<>"",H16,B16),B16))) | K16: =IF(A16="","",IF(OR(G16="",G16='Parâmetros'!$E$7),"",IF(G16='Parâmetros'!$E$6,IF(I16<>"",I16,F16),F16))) | L16: =IF(A16="","",IF(AND(G16='Parâmetros'!$E$6,OR(H16="",I16="")),"Conferir baixa",IF(AND(G16='Parâmetros'!$E$5,B16<TODAY()),"Conferir atraso",""))) | AA16: ="" | AB16: =""
F17: =IF(OR(A17="",D17="",E17=""),"",IFERROR(D17*E17,"")) | J17: =IF(A17="","",IF(OR(G17="",G17='Parâmetros'!$E$7),"",IF(G17='Parâmetros'!$E$6,IF(H17<>"",H17,B17),B17))) | K17: =IF(A17="","",IF(OR(G17="",G17='Parâmetros'!$E$7),"",IF(G17='Parâmetros'!$E$6,IF(I17<>"",I17,F17),F17))) | L17: =IF(A17="","",IF(AND(G17='Parâmetros'!$E$6,OR(H17="",I17="")),"Conferir baixa",IF(AND(G17='Parâmetros'!$E$5,B17<TODAY()),"Conferir atraso",""))) | AA17: ="" | AB17: =""
F18: =IF(OR(A18="",D18="",E18=""),"",IFERROR(D18*E18,"")) | J18: =IF(A18="","",IF(OR(G18="",G18='Parâmetros'!$E$7),"",IF(G18='Parâmetros'!$E$6,IF(H18<>"",H18,B18),B18))) | K18: =IF(A18="","",IF(OR(G18="",G18='Parâmetros'!$E$7),"",IF(G18='Parâmetros'!$E$6,IF(I18<>"",I18,F18),F18))) | L18: =IF(A18="","",IF(AND(G18='Parâmetros'!$E$6,OR(H18="",I18="")),"Conferir baixa",IF(AND(G18='Parâmetros'!$E$5,B18<TODAY()),"Conferir atraso",""))) | AA18: ="" | AB18: =""
F19: =IF(OR(A19="",D19="",E19=""),"",IFERROR(D19*E19,"")) | J19: =IF(A19="","",IF(OR(G19="",G19='Parâmetros'!$E$7),"",IF(G19='Parâmetros'!$E$6,IF(H19<>"",H19,B19),B19))) | K19: =IF(A19="","",IF(OR(G19="",G19='Parâmetros'!$E$7),"",IF(G19='Parâmetros'!$E$6,IF(I19<>"",I19,F19),F19))) | L19: =IF(A19="","",IF(AND(G19='Parâmetros'!$E$6,OR(H19="",I19="")),"Conferir baixa",IF(AND(G19='Parâmetros'!$E$5,B19<TODAY()),"Conferir atraso",""))) | AA19: ="" | AB19: =""
F20: =IF(OR(A20="",D20="",E20=""),"",IFERROR(D20*E20,"")) | J20: =IF(A20="","",IF(OR(G20="",G20='Parâmetros'!$E$7),"",IF(G20='Parâmetros'!$E$6,IF(H20<>"",H20,B20),B20))) | K20: =IF(A20="","",IF(OR(G20="",G20='Parâmetros'!$E$7),"",IF(G20='Parâmetros'!$E$6,IF(I20<>"",I20,F20),F20))) | L20: =IF(A20="","",IF(AND(G20='Parâmetros'!$E$6,OR(H20="",I20="")),"Conferir baixa",IF(AND(G20='Parâmetros'!$E$5,B20<TODAY()),"Conferir atraso",""))) | AA20: ="" | AB20: =""
F21: =IF(OR(A21="",D21="",E21=""),"",IFERROR(D21*E21,"")) | J21: =IF(A21="","",IF(OR(G21="",G21='Parâmetros'!$E$7),"",IF(G21='Parâmetros'!$E$6,IF(H21<>"",H21,B21),B21))) | K21: =IF(A21="","",IF(OR(G21="",G21='Parâmetros'!$E$7),"",IF(G21='Parâmetros'!$E$6,IF(I21<>"",I21,F21),F21))) | L21: =IF(A21="","",IF(AND(G21='Parâmetros'!$E$6,OR(H21="",I21="")),"Conferir baixa",IF(AND(G21='Parâmetros'!$E$5,B21<TODAY()),"Conferir atraso",""))) | AA21: ="" | AB21: =""
F22: =IF(OR(A22="",D22="",E22=""),"",IFERROR(D22*E22,"")) | J22: =IF(A22="","",IF(OR(G22="",G22='Parâmetros'!$E$7),"",IF(G22='Parâmetros'!$E$6,IF(H22<>"",H22,B22),B22))) | K22: =IF(A22="","",IF(OR(G22="",G22='Parâmetros'!$E$7),"",IF(G22='Parâmetros'!$E$6,IF(I22<>"",I22,F22),F22))) | L22: =IF(A22="","",IF(AND(G22='Parâmetros'!$E$6,OR(H22="",I22="")),"Conferir baixa",IF(AND(G22='Parâmetros'!$E$5,B22<TODAY()),"Conferir atraso",""))) | AA22: ="" | AB22: =""
F23: =IF(OR(A23="",D23="",E23=""),"",IFERROR(D23*E23,"")) | J23: =IF(A23="","",IF(OR(G23="",G23='Parâmetros'!$E$7),"",IF(G23='Parâmetros'!$E$6,IF(H23<>"",H23,B23),B23))) | K23: =IF(A23="","",IF(OR(G23="",G23='Parâmetros'!$E$7),"",IF(G23='Parâmetros'!$E$6,IF(I23<>"",I23,F23),F23))) | L23: =IF(A23="","",IF(AND(G23='Parâmetros'!$E$6,OR(H23="",I23="")),"Conferir baixa",IF(AND(G23='Parâmetros'!$E$5,B23<TODAY()),"Conferir atraso",""))) | AA23: ="" | AB23: =""
F24: =IF(OR(A24="",D24="",E24=""),"",IFERROR(D24*E24,"")) | J24: =IF(A24="","",IF(OR(G24="",G24='Parâmetros'!$E$7),"",IF(G24='Parâmetros'!$E$6,IF(H24<>"",H24,B24),B24))) | K24: =IF(A24="","",IF(OR(G24="",G24='Parâmetros'!$E$7),"",IF(G24='Parâmetros'!$E$6,IF(I24<>"",I24,F24),F24))) | L24: =IF(A24="","",IF(AND(G24='Parâmetros'!$E$6,OR(H24="",I24="")),"Conferir baixa",IF(AND(G24='Parâmetros'!$E$5,B24<TODAY()),"Conferir atraso",""))) | AA24: ="" | AB24: =""
F25: =IF(OR(A25="",D25="",E25=""),"",IFERROR(D25*E25,"")) | J25: =IF(A25="","",IF(OR(G25="",G25='Parâmetros'!$E$7),"",IF(G25='Parâmetros'!$E$6,IF(H25<>"",H25,B25),B25))) | K25: =IF(A25="","",IF(OR(G25="",G25='Parâmetros'!$E$7),"",IF(G25='Parâmetros'!$E$6,IF(I25<>"",I25,F25),F25))) | L25: =IF(A25="","",IF(AND(G25='Parâmetros'!$E$6,OR(H25="",I25="")),"Conferir baixa",IF(AND(G25='Parâmetros'!$E$5,B25<TODAY()),"Conferir atraso",""))) | AA25: ="" | AB25: =""
F26: =IF(OR(A26="",D26="",E26=""),"",IFERROR(D26*E26,"")) | J26: =IF(A26="","",IF(OR(G26="",G26='Parâmetros'!$E$7),"",IF(G26='Parâmetros'!$E$6,IF(H26<>"",H26,B26),B26))) | K26: =IF(A26="","",IF(OR(G26="",G26='Parâmetros'!$E$7),"",IF(G26='Parâmetros'!$E$6,IF(I26<>"",I26,F26),F26))) | L26: =IF(A26="","",IF(AND(G26='Parâmetros'!$E$6,OR(H26="",I26="")),"Conferir baixa",IF(AND(G26='Parâmetros'!$E$5,B26<TODAY()),"Conferir atraso",""))) | AA26: ="" | AB26: =""
... F104: =IF(OR(A104="",D104="",E104=""),"",IFERROR(D104*E104,"")) | J104: =IF(A104="","",IF(OR(G104="",G104='Parâmetros'!$E$7),"",IF(G104='Parâmetros'!$E$6,IF(H104<>"",H104,B104),B104))) | K104: =IF(A104="","",IF(OR(G104="",G104='Parâmetros'!$E$7),"",IF(G104='Parâmetros'!$E$6,IF(I104<>"",I104,F104),F104))) | L104: =IF(A104="","",IF(AND(G104='Parâmetros'!$E$6,OR(H104="",I104="")),"Conferir baixa",IF(AND(G104='Parâmetros'!$E$5,B104<TODAY()),"Conferir atraso",""))) | AA104: ="" | AB104: =""

Sheet Parâmetros
A1: Parâmetros da previsão
A2: Edite as premissas e os estados estáveis. Preserve a ordem e o sentido dos estados para manter os cálculos coerentes.
A4: Parâmetro | B4: Valor | C4: Orientação | D4: Recebimentos | E4: Pagamentos
A5: Saldo inicial | B5: 8000 | C5: Caixa disponível antes do primeiro dia da previsão. | D5: Previsto | E5: Previsto
A6: Data inicial | B6: 46274 | C6: Primeiro dia incluído no horizonte. | D6: Recebido | E6: Pago
A7: Data final | B7: 46303 | C7: Último dia incluído; limite de 120 dias. | D7: Cancelado | E7: Cancelado
A8: Dias do horizonte | B8: =IFERROR(IF(OR(B6="",B7="",B7<B6,B7-B6+1>120),"",B7-B6+1),"") | C8: Calculado a partir das datas inicial e final.
A9: Reserva mínima | B9: 4000 | C9: Margem de caixa desejada para conferência gerencial.
A10: Data mínima aceita | B10: 45909 | C10: Limite editável para datas dos lançamentos.
A11: Data máxima aceita | B11: 47004 | C11: Limite editável para datas dos lançamentos.
A12: Quantidade máxima | B12: 500 | C12: Limite por lançamento.
A13: Valor máximo por item | B13: 100000 | C13: Limite por valor unitário ou efetivo.
